 Dungeon Crawl Stone Soup version 0.31-a0-986-g5e6e4ef867 (webtiles) character file.

Game seed: 7674321305842692682

71444 Whiskey the Metamorph (level 15, -20/133 HPs)
             Began as an Octopode Shapeshifter on Nov 5, 2023.
             Was an Initiate of Gozag.
             Demolished by a dire elephant simulacrum (30 damage)
             ... on level 1 of the Shoals.
             The game lasted 00:49:35 (22803 turns).

Whiskey the Metamorph (Octopode Shapeshifter)      Turns: 22803, Time: 00:49:36

Health: -20/133    AC: 30    Str: 17    XL:     15   Next: 36%
Magic:  15/15      EV: 23    Int: 17    God:    Gozag
Gold:   1766       SH:  8    Dex: 11    Spells: 14/14 levels left

rFire   . .          .
                       - Unarmed
rCold   . . .        Q - +0 kite shield
rNeg    + + .        (helmet restricted)
rPois   ∞            B - amulet of the Four Winds {rN+ Will+++ Clar}
rElec   +            o - ring of wizardry {Wiz+, !d}
rCorr   .            C - +5 ring of evasion
SInv    .            I - +5 ring of evasion
Will    ++++.        (no ring)
Stlth   +++          (no ring)
HPRegen 0.42/turn    (no ring)
MPRegen 0.14/turn    (no ring)
                     (no ring)

%: clarity, wizardry (x1)
@: statue-form, very slow
A: slow and powerful, torment resistance 1, boosted hp, almost no armour,
amphibious, 8 rings, camouflage 1, (gelatinous body 1), (nimble swimmer 1),
tentacles
a: Begin Untransformation, Renounce Religion, Potion Petition, Call Merchant,
Bribe Branch


You were on level 1 of the Shoals.
You worshipped Gozag.
Gozag was most pleased with you.
You were a living statue of rough stone.
You visited 5 branches of the dungeon, and saw 23 of its levels.

You collected 5415 gold pieces.
You spent 1092 gold pieces at shops.
You paid 2557 gold pieces to Gozag.

Inventory:

Hand Weapons
 b - the +12 war axe "Sorio" {protect, Str+3}
   (You found it on level 13 of the Dungeon)

   Str+3:     It affects your strength (+3).
Missiles
 D - 39 poisoned darts
 G - a curare-tipped dart (quivered)
Armour
 H - a +0 buckler
   (You found it on level 7 of the Dungeon)
 Q - a +0 kite shield (worn)
   (You took it off Donald on level 1 of the Shoals)
Jewellery
 h - an amulet of magic regeneration
   (You found it on level 1 of the Dungeon)
 o - a ring of wizardry (left tentacle) {Wiz+, !d}
   (You found it on level 2 of the Dungeon)
 B - the amulet of the Four Winds (around mantle) {rN+ Will+++ Clar}
   (You bought it in a shop on level 2 of the Orcish Mines)

   [amulet of nothing]

   rN+:       It protects you from negative energy.
   Will+++:   It greatly increases your willpower.
   Clar:      It protects you from confusion, rage, mesmerisation and fear.
 C - a +5 ring of evasion (right tentacle)
   (You found it on level 6 of the Dungeon)
 I - a +5 ring of evasion (on tentacle)
   (You found it on level 3 of the Lair of Beasts)
Talismans
 k - a granite talisman (active)
   (You found it on level 2 of the Dungeon)
 w - a blade talisman
   (You found it on level 4 of the Dungeon)
Wands
 s - a wand of polymorph (6)
   (You found it on level 1 of the Lair of Beasts)
 y - a wand of flame (47)
   (You found it on level 4 of the Dungeon)
 M - a wand of paralysis (21)
   (You found it on level 8 of the Dungeon)
 O - a wand of light (11)
   (You found it on level 8 of the Dungeon)
 X - a wand of digging (4)
   (You found it on level 11 of the Dungeon)
Scrolls
 c - 3 scrolls of noise {!r}
 d - 12 scrolls of teleportation
 e - a scroll of revelation
 f - 2 scrolls of enchant armour
 g - a scroll of vulnerability {unknown}
 j - 4 scrolls of poison {!r}
 m - 2 scrolls of immolation {!r}
 t - 3 scrolls of butterflies
 u - 3 scrolls of amnesia
 z - 2 scrolls of brand weapon
 A - 2 scrolls of fear
 F - 3 scrolls of fog
 L - 2 scrolls of torment {unknown}
 N - 2 scrolls of identify
 Y - a scroll of enchant weapon {unknown}
 Z - a scroll of silence {unknown}
Potions
 a - 3 potions of lignification {!q}
 i - 6 potions of curing
 l - 3 potions of attraction {unknown}
 p - 2 potions of brilliance
 q - a potion of enlightenment
 r - 5 potions of ambrosia
 v - 2 potions of magic
 x - a potion of cancellation {unknown}
 E - 2 potions of might
 J - 2 potions of mutation {unknown}
 K - 2 potions of resistance {unknown}
 P - a potion of invisibility {unknown}
 V - 4 potions of haste


   Skills:
 + Level 10.2 Fighting
 - Level 8.0 Dodging
 - Level 4.0 Stealth
 + Level 4.0 Shields
 + Level 12.1 Unarmed Combat
 * Level 18.6 Shapeshifting


You had 14 spell levels left.
You didn't know any spells.
Your spell library contained the following spells:

 Spells                   Type           Power      Damage    Failure   Level
 Apportation              Tloc           0%         N/A       26%         1
 Freeze                   Ice            0%         1d3       26%         1
 Magic Dart               Conj           0%         1d3       26%         1
 Blink                    Tloc           0%         N/A       34%         2
 Call Imp                 Summ           0%         N/A       34%         2
 Jinxbite                 Hex            0%         N/A       34%         2
 Static Discharge         Conj/Air       0%         3-3/arc   34%         2
 Call Canine Familiar     Summ           0%         N/A       56%         3
 Frozen Ramparts          Ice            0%         1d1       56%         3
 Hailstorm                Conj/Ice       0%         3d3       56%         3
 Ignite Poison            Fire/Tmut/Pois 0%         N/A       56%         3
 Mephitic Cloud           Conj/Pois/Air  0%         N/A       56%         3
 Sigil of Binding         Hex            0%         N/A       56%         3
 Summon Guardian Golem    Hex/Summ       0%         N/A       56%         3
 Airstrike                Air            0%         2d(0-16)  91%         4
 Dimensional Bullseye     Hex/Tloc       0%         N/A       91%         4
 Leda's Liquefaction      Hex/Erth       0%         N/A       91%         4
 Manifold Assault         Tloc           0%         N/A       91%         4
 Olgreb's Toxic Radiance  Pois           0%         N/A       91%         4
 Passage of Golubria      Tloc           0%         N/A       91%         4
 Petrify                  Tmut/Erth      0%         N/A       91%         4
 Sticky Flame             Conj/Fire      0%         2d3       91%         4
 Summon Lightning Spire   Summ/Air       0%         N/A       91%         4
 Vhi's Electric Charge    Tloc/Air       0%         N/A       91%         4
 Alistair's Intoxication  Tmut/Pois      0%         N/A       99%         5
 Arcjolt                  Conj/Air       0%         1d10      99%         5
 Irradiate                Conj/Tmut      0%         3d11      99%         5
 Metabolic Englaciation   Hex/Ice        0%         N/A       99%         5
 Silence                  Hex/Air        0%         N/A       99%         5
 Plasma Beam              Fire/Air       0%         2x1d10    100%        6
 Orb of Destruction       Conj           0%         9d5       100%        7
 Spellforged Servitor     Conj/Summ      0%         N/A       100%        7
 Discord                  Hex            0%         N/A       100%        8
 Ignition                 Fire           0%         3d3       100%        8
 Lehudib's Crystal Spear  Conj/Erth      0%         10d2      100%        8
 Sublimation of Blood     Necr           Unusable   N/A       N/A         2

Dungeon Overview and Level Annotations

Branches:
Dungeon (14/15)            Temple (1/1) D:7            Lair (5/5) D:10
 Shoals (1/4) Lair:3        Snake (0/4) Lair:2        Slime (0/5) Lair:4
    Orc (2/2) D:9             Elf (0/3) Orc:2        Vaults (0/5) D:14

Altars:
Ashenzari
Cheibriados
Dithmenos
Elyvilon
Fedhas
Gozag
Hepliaklqana
Kikubaaqudgha
Makhleb
Nemelex Xobeh
Okawaru
Qazlal
Ru
Sif Muna
Trog
Uskayaw
Vehumet
Wu Jian
Xom
Yredelemnul
Zin
The Shining One
Jiyva

Shops:
D:14 *(*   Orc:2 [[*=**   Lair:1 *

Portals:
Hell: Lair:5

Annotations:
D:14 1 runed translucent door, Roxanne; Ylounoac's ghost, journeyman MiBe


Innate Abilities, Weirdness & Mutations

You are a living statue of rough stone.
Your actions are slow, but your melee attacks are powerful.
You are resistant to unholy torment.
Your maximum health is greatly increased.
You cannot wear most types of armour.
You are amphibious.
You can wear up to eight rings at the same time.
You are immune to poison.
Your skin changes colour to match your surroundings (Stealth+).
((Your rubbery body absorbs attacks. (AC +1, EV +1)))
((You are camouflaged when in or above water. (Stealth+)))
You have tentacles for arms and can constrict up to eight enemies at once.


Message History

The deep troll simulacrum bites you but does no damage.
The deep troll simulacrum barely misses you. x2
You block the dire elephant simulacrum's attack.
The dire elephant simulacrum completely misses you.
You take 16 damage, and have 98/133 hp.
You tentacle-slap the dire elephant simulacrum but do no damage.
The dire elephant simulacrum completely misses you.
The dire elephant simulacrum closely misses you.
The dire elephant simulacrum tramples you!
You hold your ground!
The dire elephant simulacrum trunk-slaps you but does no damage.
The deep troll simulacrum barely misses you.
The deep troll simulacrum completely misses you. x2
The dire elephant simulacrum barely misses you. x2
The dire elephant simulacrum tramples you but does no damage.
The dire elephant simulacrum closely misses you.
You take 7 damage, and have 91/133 hp.
You batter the dire elephant simulacrum!!
The dire elephant simulacrum misses you.
You block the dire elephant simulacrum's attack.
The deep troll simulacrum completely misses you.
The deep troll simulacrum claws you. The deep troll simulacrum freezes you!!
The deep troll simulacrum claws you but does no damage.
The dire elephant simulacrum barely misses you.
You block the dire elephant simulacrum's attack. x2
The dire elephant simulacrum barely misses you.
You take 23 damage, and have 68/133 hp.
You block the deep troll simulacrum's attack.
The deep troll simulacrum claws you but does no damage.
You block the deep troll simulacrum's attack.
The dire elephant simulacrum tramples you but does no damage.
You block the dire elephant simulacrum's attack.
The dire elephant simulacrum closely misses you.
The dire elephant simulacrum trunk-slaps you but does no damage.
You climb upwards.
Welcome back to the Lair of Beasts!
There is a staircase to the Shoals here.
You regained 2 hp, and now have 70/133 hp.
You start resting.
Health restored: 133 You climb downwards.
Welcome back to the Shoals!
This branch is noisy: sounds don't travel as far here.
This branch contains the barnacled rune of Zot.
The deep troll simulacrum misses you. The deep troll simulacrum claws you!
The deep troll simulacrum freezes you!!
You block the deep troll simulacrum's attack.
The dire elephant simulacrum tramples you but does no damage.
The dire elephant simulacrum misses you. x2
The dire elephant simulacrum trunk-slaps you but does no damage.
You block the deep troll simulacrum's attack.
The deep troll simulacrum claws you but does no damage.
You block the deep troll simulacrum's attack.
The dire elephant simulacrum misses you.
You block the dire elephant simulacrum's attack.
The dire elephant simulacrum tramples you but does no damage.
You block the dire elephant simulacrum's attack.
There is a staircase back to the Lair here.
You take 27 damage, and have 106/133 hp.
MASSIVE DAMAGE!!
You tentacle-slap the dire elephant simulacrum but do no damage.
You squeeze the dire elephant simulacrum.
The deep troll simulacrum misses you.
You block the deep troll simulacrum's attack.
The deep troll simulacrum barely misses you.
The dire elephant simulacrum barely misses you.
The dire elephant simulacrum closely misses you.
You block the dire elephant simulacrum's attack.
The dire elephant simulacrum misses you.
You batter the dire elephant simulacrum!!
The deep troll simulacrum bites you but does no damage.
The deep troll simulacrum barely misses you.
The deep troll simulacrum closely misses you.
The dire elephant simulacrum tramples you but does no damage.
The dire elephant simulacrum completely misses you.
The dire elephant simulacrum tramples you!
You hold your ground!
The dire elephant simulacrum misses you.
You take 9 damage, and have 98/133 hp.
You tentacle-slap the dire elephant simulacrum.
You squeeze the dire elephant simulacrum, but do no damage.
The deep troll simulacrum bites you! The deep troll simulacrum freezes you!!
The deep troll simulacrum completely misses you.
You block the deep troll simulacrum's attack.
The dire elephant simulacrum tramples you but does no damage.
The dire elephant simulacrum completely misses you.
The dire elephant simulacrum misses you.
The dire elephant simulacrum trunk-slaps you.
The dire elephant simulacrum freezes you!!!
* * * LOW HITPOINT WARNING * * *
You take 85 damage, and have 13/133 hp.
MASSIVE DAMAGE!!
The deep troll simulacrum bites you but does no damage.
You block the deep troll simulacrum's attack.
The deep troll simulacrum completely misses you.
You block the dire elephant simulacrum's attack.
The dire elephant simulacrum misses you.
The dire elephant simulacrum tramples you but does no damage.
The dire elephant simulacrum trunk-slaps you.
* * * LOW HITPOINT WARNING * * *
The dire elephant simulacrum freezes you!!
You die...
Your body crumbles into a pile of gold.

~~~~...~~≈≈~~~≈≈~~...............
~,,~....~~≈~~~~~~................
,~~~~.(..~~≈≈~~..................
~~~~....~~~~≈~...................
~~~~.....~.~≈)...................
,,~~......~~~...........P_P......
,,,~..~~~$...####........P.......
~,,..~~~.....####Z...............
,,,..~~...$....#8...............~
~,,...~.....$..~ZZ......~~......~
~,,.#..~......)....~~.~~~~.....~~
,~,/.....~~~.....~~...~~~~~~~..~~
,,,...~~.~~~~~$)......~~≈≈~~~~~~~
~,,...~.~~~~.$.(......~~≈≈~~~~~,~
~,,...~.~~~.~~..#......~≈≈~~~~~,~
~,,~....~~........~~....≈~~~~~~~~
,,,**#...~~.....)....##*,,,~~~~~~


You could see 2 dire elephant simulacra and a deep troll simulacrum.

Vanquished Creatures
  Donald (Shoals:1)
  A dire elephant (Lair:5)
  Fannar (Lair:1)
  Erolcha (D:11)
  A hell beast (Lair:5)
  3 hydras
  A catoblepas (Lair:1)
  An ogre mage (D:14)
  3 centaur warriors
  3 boulder beetles
  7 two-headed ogres
  An occultist (Lair:5)
  5 orc high priests (Orc:2)
  3 skysharks
  2 sea snakes (Shoals:1)
  A glowing orange brain (D:13)
  6 orc knights
  Pikel (D:5)
  An arcanist (D:14)
  3 harpies (Shoals:1)
  An oklob plant (Shoals:1)
  5 cyclopes
  An ugly thing (D:13)
  3 fauns (Shoals:1)
  An elephant (shapeshifter) (D:14)
  A merfolk siren (Shoals:1)
  A black mamba (Lair:3)
  13 elephants
  A torpor snail (Lair:2)
  A smoke demon (Lair:5)
  3 orange demons (Lair:5)
  12 cane toads
  An unseen horror (D:10)
  A freezing wraith (D:14)
  2 ice devils (Lair:5)
  4 rime drakes
  An efreet (D:13)
  10 komodo dragons
  A red devil (Lair:5)
  A queen bee (Lair:3)
  6 trolls
  2 hornets (D:8)
  Prince Ribbit (D:4)
  A meliai (shapeshifter) (D:14)
  Grinder (D:5)
  16 blink frogs
  2 merfolk (Shoals:1)
  2 polar bears
  A snapping turtle (Shoals:1)
  4 dream sheep (Lair:4)
  7 slime creatures
  Sigmund (D:5)
  26 yaks
  2 water elementals (Shoals:1)
  3 wyverns
  3 shadows (D:11)
  A wraith (D:9)
  A dire elephant simulacrum (Shoals:1)
  3 basilisks
  10 vampire mosquitoes
  A warg (D:9)
  15 water moccasins
  An acid dragon (D:12)
  A black bear (D:7)
  3 hell hounds (Lair:5)
  33 orc warriors
  9 ogres
  7 wolves
  7 centaurs
  A lemure (D:5)
  5 kobold brigands
  A phantom (D:7)
  14 bullfrogs
  4 scorpions
  2 gnoll sergeants (D:9)
  7 wights
  29 killer bees
  4 electric eels
  2 hounds (D:4)
  24 orc priests
  A gnoll bouda (D:8)
  A jelly (D:5)
  Jessica (D:3)
  4 iguanas
  A sleepcap (D:6)
  5 hell rats (Lair:1)
  20 orc wizards
  Terence (D:3)
  11 gnolls
  12 adders
  2 shadow imps
  3 white imps
  2 ufetubi (D:7)
  4 worms
  A dart slug (D:3)
  79 orcs
  6 endoplasms
  3 giant cockroaches
  11 goblins
  7 hobgoblins
  7 jackals
  3 quokkas
  8 ball pythons
  2 bats
  5 frilled lizards
  27 kobolds
  8 rats
608 creatures vanquished.

Vanquished Creatures (others)
  2 orc wizards
2 creatures vanquished.

Grand Total: 610 creatures vanquished

Notes
Turn   | Place    | Note
-------+----------+-------------------------------------------
     0 | D:1      | Whiskey the Octopode Shapeshifter began the quest for the
                  | Orb.
     0 | D:1      | Reached XP level 1. HP: 13/13 MP: 1/1
   156 | D:1      | Reached XP level 2. HP: 18/18 MP: 2/2
   395 | D:1      | Reached XP level 3. HP: 24/24 MP: 3/3
   864 | D:2      | Reached skill level 2 in Fighting
   931 | D:2      | Reached skill level 4 in Shapeshifting
   988 | D:2      | Reached XP level 4. HP: 29/29 MP: 4/4
  1434 | D:3      | Identified the +9 quarterstaff of Durable Prudence {drain,
                  | rF- rN+ Str+3 Int+3}
  1719 | D:3      | Reached XP level 5. HP: 34/35 MP: 5/5
  1722 | D:3      | Noticed Terence
  1731 | D:3      | Killed Terence
  1915 | D:3      | Noticed Jessica
  1926 | D:3      | Killed Jessica
  1927 | D:3      | Reached skill level 3 in Fighting
  1930 | D:3      | Reached skill level 5 in Shapeshifting
  2315 | D:4      | Reached XP level 6. HP: 36/42 MP: 6/6
  3057 | D:5      | Entered Level 5 of the Dungeon
  3058 | D:5      | Noticed Prince Ribbit
  3066 | D:4      | HP: 5/43 [Prince Ribbit (14)]
  3068 | D:4      | Killed Prince Ribbit
  3069 | D:4      | Reached skill level 4 in Fighting
  3069 | D:4      | Reached skill level 6 in Shapeshifting
  3069 | D:4      | Reached XP level 7. HP: 17/48 MP: 7/7
  3265 | D:4      | Reached skill level 1 in Stealth
  3321 | D:5      | Found a basalt altar of Yredelemnul.
  3324 | D:5      | Noticed Sigmund
  3511 | D:5      | HP: 11/49 [Sigmund/+0 scythe (8)]
  3512 | D:5      | Killed Sigmund
  3513 | D:5      | Reached skill level 2 in Stealth
  3513 | D:5      | Reached skill level 7 in Shapeshifting
  3513 | D:5      | Reached XP level 8. HP: 13/54 MP: 8/8
  3668 | D:5      | HP: 9/54 [centaur/arrow (6)]
  3674 | D:5      | Reached skill level 5 in Fighting
  3674 | D:5      | Reached skill level 3 in Stealth
  3900 | D:5      | Found an ornate altar of the Wu Jian Council.
  4082 | D:5      | Reached skill level 4 in Stealth
  4181 | D:5      | Found a sacrificial altar of Ru.
  4188 | D:5      | Found a hide-covered altar of Uskayaw.
  4218 | D:5      | Noticed Pikel
  4241 | D:5      | Killed Pikel
  4242 | D:5      | Reached skill level 6 in Fighting
  4242 | D:5      | Reached skill level 8 in Shapeshifting
  4242 | D:5      | Reached XP level 9. HP: 54/62 MP: 9/9
  4542 | D:5      | Noticed Grinder
  4549 | D:5      | Killed Grinder
  4550 | D:5      | Reached skill level 9 in Shapeshifting
  5043 | D:6      | Found a hazy altar of Hepliaklqana.
  5886 | D:7      | Reached skill level 3 in Dodging
  5983 | D:7      | Found a broken altar of Ashenzari.
  6032 | D:7      | Found a sparkling altar of Nemelex Xobeh.
  6089 | D:7      | Reached skill level 7 in Fighting
  6337 | D:7      | Reached skill level 10 in Shapeshifting
  6682 | D:7      | Found a bloodstained altar of Trog.
  6837 | D:7      | Found a staircase to the Ecumenical Temple.
  6846 | Temple   | Entered the Ecumenical Temple
  6851 | Temple   | Became a worshipper of Gozag Ym Sagoz the Greedy
  7005 | D:7      | Identified the +7 war axe "Yzam" {elec, *Corrode rElec rN+
                  | Dex+9}
  7284 | D:8      | Reached XP level 10. HP: 71/71 MP: 10/10
  7298 | D:8      | Reached skill level 11 in Shapeshifting
  7415 | D:8      | HP: 16/71 [poisoned by a hornet]
  8169 | D:8      | Found a stormy altar of Qazlal.
  8323 | D:8      | Noticed a catoblepas
  8326 | D:8      | Noticed a boulder beetle
  8527 | D:9      | Reached skill level 12 in Shapeshifting
  8704 | D:9      | Found a staircase to the Orcish Mines.
  8748 | D:9      | Reached skill level 1 in Shields
  8933 | D:9      | Found an iron altar of Okawaru.
  9106 | D:9      | Reached skill level 2 in Shields
  9113 | D:9      | Reached skill level 4 in Unarmed Combat
  9283 | D:10     | Entered Level 10 of the Dungeon
  9363 | D:10     | Noticed a two-headed ogre
  9375 | D:10     | Killed a two-headed ogre
  9376 | D:10     | Reached skill level 3 in Shields
  9376 | D:10     | Reached XP level 11. HP: 54/75 MP: 11/11
  9457 | D:10     | Found a shimmering blue altar of Sif Muna.
  9633 | D:10     | Found a glowing silver altar of Zin.
  9665 | D:10     | Found a staircase to the Lair.
 10053 | D:11     | Noticed a cyclops
 10056 | D:11     | Reached skill level 5 in Unarmed Combat
 10056 | D:11     | Reached skill level 13 in Shapeshifting
 10060 | D:11     | Killed a cyclops
 10164 | D:11     | Noticed Erolcha
 10190 | D:11     | Reached skill level 4 in Shields
 10197 | D:11     | Killed Erolcha
 10287 | D:11     | Noticed a cyclops
 10298 | D:11     | Killed a cyclops
 10373 | D:11     | You fall into a shaft and drop 3 floors!
 10373 | D:14     | Found a radiant altar of Vehumet.
 10421 | D:13     | Noticed a centaur warrior
 10428 | D:13     | Noticed a white ugly thing
 10429 | D:13     | Killed a centaur warrior
 10434 | D:13     | HP: 10/73 [white ugly thing (32)]
 10435 | D:13     | Killed a white ugly thing
 10436 | D:13     | Reached skill level 6 in Unarmed Combat
 10587 | D:13     | Noticed a cyclops
 10601 | D:13     | Killed a cyclops
 10809 | D:13     | Noticed an orc knight
 10809 | D:13     | Noticed a glowing orange brain
 10816 | D:13     | Noticed a two-headed ogre
 10834 | D:13     | Killed a two-headed ogre
 10835 | D:13     | Reached skill level 14 in Shapeshifting
 11116 | D:11     | Reached skill level 7 in Unarmed Combat
 11118 | D:11     | Noticed a two-headed ogre
 11122 | D:11     | Reached XP level 12. HP: 68/81 MP: 12/12
 11124 | D:11     | Killed a two-headed ogre
 11711 | D:12     | Noticed a two-headed ogre
 11720 | D:12     | Killed a two-headed ogre
 11990 | D:12     | Reached skill level 8 in Unarmed Combat
 11990 | D:12     | Reached skill level 15 in Shapeshifting
 12729 | D:13     | Noticed a centaur warrior
 12741 | D:13     | Killed a centaur warrior
 12947 | D:13     | Identified the +12 war axe "Sorio" {protect, Str+3}
 13127 | D:14     | Noticed Roxanne
 13154 | D:14     | Noticed a boulder beetle
 13177 | D:14     | Killed a boulder beetle
 13318 | D:14     | Found Tugikhleun's Antique Weapon Shop.
 13358 | D:14     | Found Wiedghe's Assorted Antiques.
 13417 | D:14     | Noticed a six-headed hydra
 13424 | D:14     | Killed a six-headed hydra
 13425 | D:14     | Reached skill level 9 in Unarmed Combat
 13565 | D:14     | Noticed a centaur warrior
 13573 | D:14     | Killed a centaur warrior
 13574 | D:14     | Reached skill level 16 in Shapeshifting
 13628 | D:14     | Noticed a two-headed ogre
 13628 | D:14     | Noticed a two-headed ogre
 13628 | D:14     | Noticed an ogre mage
 13635 | D:14     | Killed an ogre mage
 13636 | D:14     | Reached XP level 13. HP: 86/86 MP: 13/13
 13731 | D:14     | Found Fabiss's General Store.
 13823 | D:14     | Found a gate to the Vaults.
 13856 | D:14     | Found a shimmering altar of Xom.
 13856 | D:14     | Noticed Ylounoac's ghost (journeyman MiBe)
 13857 | D:14     | Found a runed translucent door.
 13980 | Lair:1   | Entered Level 1 of the Lair of Beasts
 14455 | Lair:1   | Reached skill level 10 in Unarmed Combat
 14457 | Lair:1   | Reached skill level 4 in Dodging
 14567 | Lair:1   | Noticed Fannar
 14573 | Lair:1   | Killed Fannar
 14989 | Lair:2   | Identified the of Haijydip
 15308 | Lair:2   | Found a staircase to the Snake Pit.
 16582 | Lair:3   | Reached skill level 8 in Fighting
 16801 | Lair:3   | Reached skill level 17 in Shapeshifting
 16810 | Lair:3   | Reached skill level 5 in Dodging
 17244 | Lair:3   | Found a staircase to the Shoals.
 17400 | Lair:3   | Reached XP level 14. HP: 95/95 MP: 14/14
 18082 | Lair:4   | Found a viscous altar of Jiyva.
 18084 | Lair:4   | Found a staircase to the Slime Pits.
 18212 | Lair:4   | Reached skill level 6 in Dodging
 18442 | Lair:5   | Entered Level 5 of the Lair of Beasts
 18442 | Lair:5   | Found an iron altar of Okawaru.
 18455 | Lair:5   | Reached skill level 11 in Unarmed Combat
 18556 | Lair:4   | Reached skill level 9 in Fighting
 18794 | Lair:5   | Noticed a dire elephant
 18811 | Lair:5   | Killed a dire elephant
 19619 | Lair:5   | Found a burning altar of Makhleb.
 19650 | Lair:5   | HP: 31/126 [smoke demon/divine providence (10)]
 19659 | Lair:5   | HP: 31/126 [hell beast (8)]
 19681 | Lair:5   | HP: 19/126 [smoke demon/divine providence (12)]
 19689 | Lair:5   | HP: 30/126 [orange demon (8)]
 19797 | Lair:5   | Reached skill level 7 in Dodging
 19801 | Lair:5   | Reached skill level 18 in Shapeshifting
 19898 | Lair:5   | Found a gateway to Hell.
 20171 | Orc:1    | Entered Level 1 of the Orcish Mines
 20561 | Orc:2    | Entered Level 2 of the Orcish Mines
 20715 | Orc:2    | Found a staircase to the Elven Halls.
 21136 | Orc:2    | Reached XP level 15. HP: 103/103 MP: 15/15
 21237 | Orc:2    | HP: 32/133 [orc knight/+0 halberd (15)]
 21876 | Orc:2    | Reached skill level 10 in Fighting
 21967 | Orc:2    | Found Ybbaap's Antique Armour Boutique.
 21970 | Orc:2    | Found Vicw's Assorted Antiques.
 21971 | Orc:2    | Found Adaegroi's Assorted Antiques.
 21972 | Orc:2    | Found Avijuh's Antique Armour Boutique.
 21988 | Orc:2    | Bought the amulet of the Four Winds {rN+ Will+++ Clar} for
                  | 1092 gold pieces
 21988 | Orc:2    | Found the amulet of the Four Winds {rN+ Will+++ Clar}
 22233 | Snake:1  | Identified the "Onilor"
 22233 | Snake:4  | Identified the "Lucves"
 22233 | Shoals:1 | Entered Level 1 of the Shoals
 22275 | Shoals:1 | Reached skill level 12 in Unarmed Combat
 22277 | Shoals:1 | Noticed Donald
 22283 | Shoals:1 | Reached skill level 8 in Dodging
 22292 | Shoals:1 | Killed Donald
 22384 | Shoals:1 | Found a shimmering altar of Xom.
 22431 | Shoals:1 | Found a frozen archway.
 22436 | Shoals:1 | HP: 23/133 [dire elephant simulacrum (20)]
 22802 | Shoals:1 | HP: 13/133 [dire elephant simulacrum (40)]
 22803 | Shoals:1 | Demolished by a dire elephant simulacrum

Illustrated notes

Levels and vault maps discovered:
D:1:      dpeg_arrival_stonehenge_12_columns, layout_loops_ring, minmay_unequal
D:2:      layout_loops_cross, corexii_leaking_fountain
D:3:      layout_basic, uniq_terence, uniq_jessica
D:4:      layout_cave_pods, minmay_close_crescents
D:5:      layout_basic, mainiacjoe_overflow_concentric_impassable,
          amethyst_overflow_temple_binary, nzn_wu_jian_council_hall, uniq_pikel,
          uniq_sigmund, uniq_grinder, uniq_prince_ribbit1
D:6:      layout_basic, nicolae_hepliaklqana_hazy_memory, serial_corexii_hall,
          chequers_hall_statues_wall_a, corexii_hall_statues_t
D:7:      layout_loops_ring, nicolae_ashenzari_skybound,
          trog_three_pillars_becter, nemelex_dance_club_becter, temple_green,
          kennysheep_crisscross, minmay_a_box_with_orc_wizards_in_it
D:8:      minmay_blocky_corners, layout_basic, mainiacjoe_overflow_alcove_1
D:9:      layout_rooms, amcnicky_altar_gilded, david_orc_2, lightli_orcish_oven
D:10:     layout_basic, lemuel_tele_altar, mainiacjoe_overflow_boulevard,
          david_lair_shrubbed
D:11:     wad_pebble_path, layout_basic, uniq_erolcha
D:12:     layout_roguey
D:13:     layout_loops_cross, minmay_mirror_moons_of_madness
D:14:     layout_roguey, david_vaults_4, ebering_ghost_xom, serial_shops, shop,
          nicolae_shop_back_alley_shop, nicolae_shop_back_alley_shop,
          shop_fountains, glass_columns_b, nicolae_vehumet_radiance,
          uniq_roxanne
Temple:   hellmonk_temple_micro_hex
Lair:1:   layout_loops_ring, disabler_island, serial_bayou_shore_a, uniq_fannar
Lair:2:   layout_layer_cave, dummy_snake_entry, grunt_megastairs_2
Lair:3:   layout_cave_pods, shoals_dummy_entry, special_room [special_room_bee]
Lair:4:   layout_roguey, dpeg_slime_entry_corner, lemuel_fruit_fields,
          infiniplex_staircase_pool
Lair:5:   evil_forest, layout_small_grid, serial_bayou_pond_a,
          lemuel_altar_in_water2, serial_bayou_shore_b
Shoals:1: layout_shoals, portal_ice_cave_entry_ice_simulacra,
          lemuel_oklob_altar, uniq_mlioglotl, uniq_donald
Orc:1:    layout_caves, nicolae_orc_stony_grotto
Orc:2:    st_orc_pillars, layout_diamond_mine

Skill      XL: |  1  2  3  4  5  6  7  8  9 10 11 12 13 14 15 |
---------------+----------------------------------------------+-----
Fighting       | 2 3 4 6 7 8 9 10 | 10.2
Shapeshifting  | 4 5 6 7 8 10 12 14 16 17 18 | 18.6
Stealth        | 2 4 |  4.0
Dodging        | 3 5 7 8 |  8.0
Shields        | 3 4 |  4.0
Unarmed Combat | 4 7 9 10 11 12 | 12.1

Action                     |  1- 3 |  4- 6 |  7- 9 | 10-12 | 13-15 || total
---------------------------+-------+-------+-------+-------+-------++-------
  Melee: Unarmed           |    25 |       |       |   345 |   804 ||  1174
         Constrict         |    11 |    35 |    44 |    54 |   113 ||   257
         Tentacles         |     5 |    25 |    51 |   120 |   183 ||   384
         Short sword       |    41 |   111 |   206 |   109 |       ||   467
         Punch             |     3 |     2 |     6 |    28 |    61 ||   100
  Throw: Dart              |       |     5 |     7 |    12 |     8 ||    32
 Invoke: Call Merchant     |       |       |       |       |     3 ||     3
  Evoke: Wand              |       |       |     1 |     1 |     2 ||     4
    Use: Potion            |       |     1 |     1 |     2 |     5 ||     9
         Scroll            |       |       |     9 |       |    15 ||    24
   Stab: Sleeping          |     5 |     4 |    13 |     8 |    13 ||    43
         Distracted        |       |     1 |       |     3 |     5 ||     9
         Invisible         |       |       |       |     1 |       ||     1
 Armour: Skin              |    18 |    44 |   141 |   451 |   695 ||  1349
  Dodge: Dodged            |    38 |    63 |   127 |   542 |  1371 ||  2141
  Block: Buckler           |       |       |       |   109 |   284 ||   393
         Kite shield       |       |       |       |       |    40 ||    40
   Form: Statue            |       |       |       |     1 |       ||     1

Table legend: (Time is in decaauts)
 A = Elapsed time spent in this place.
 B = Non-inter-level travel time spent in this place.
 C = Inter-level travel time spent in this place.
 D = Time resting spent in this place.
 E = Time spent auto-exploring this place.
 F = Levels seen in this place.
 G = Mean time per level.
                   A        B        C        D        E       F      G
               +--------+--------+--------+--------+--------+-----+--------+
         Total |  29826 |  28254 |   1572 |   4555 |  18361 |  23 | 1296.8 |
       Dungeon |  17056 |  16033 |   1023 |   2665 |  10462 |  14 | 1218.3 |
        Temple |     10 |      6 |      4 |      0 |      0 |   1 |   10.0 |
          Lair |   9691 |   9324 |    367 |   1374 |   6524 |   5 | 1938.2 |
        Shoals |    339 |    339 |      0 |      0 |    114 |   1 |  339.0 |
  Orcish Mines |   2728 |   2550 |    178 |    516 |   1260 |   2 | 1364.0 |
               +--------+--------+--------+--------+--------+-----+--------+

Top non-repeatable levels by time:
   Orc:2: 2237 daAuts
  Lair:2: 2016 daAuts
  Lair:3: 1976 daAuts
  Lair:4: 1962 daAuts
    D:13: 1922 daAuts
  Lair:5: 1890 daAuts
  Lair:1: 1845 daAuts
     D:9: 1483 daAuts
     D:4: 1437 daAuts
    D:11: 1395 daAuts
    D:10: 1358 daAuts
     D:6: 1301 daAuts
     D:5: 1285 daAuts
    D:12: 1252 daAuts
    D:14: 1225 daAuts

Levels and vault maps discovered:
D:1:      dpeg_arrival_stonehenge_12_columns, layout_loops_ring, minmay_unequal
D:2:      layout_loops_cross, corexii_leaking_fountain
D:3:      layout_basic, uniq_terence, uniq_jessica
D:4:      layout_cave_pods, minmay_close_crescents
D:5:      layout_basic, mainiacjoe_overflow_concentric_impassable,
          amethyst_overflow_temple_binary, nzn_wu_jian_council_hall, uniq_pikel,
          uniq_sigmund, uniq_grinder, uniq_prince_ribbit1
D:6:      layout_basic, nicolae_hepliaklqana_hazy_memory, serial_corexii_hall,
          chequers_hall_statues_wall_a, corexii_hall_statues_t
D:7:      layout_loops_ring, nicolae_ashenzari_skybound,
          trog_three_pillars_becter, nemelex_dance_club_becter, temple_green,
          kennysheep_crisscross, minmay_a_box_with_orc_wizards_in_it
D:8:      minmay_blocky_corners, layout_basic, mainiacjoe_overflow_alcove_1
D:9:      layout_rooms, amcnicky_altar_gilded, david_orc_2, lightli_orcish_oven
D:10:     layout_basic, lemuel_tele_altar, mainiacjoe_overflow_boulevard,
          david_lair_shrubbed
D:11:     wad_pebble_path, layout_basic, uniq_erolcha
D:12:     layout_roguey
D:13:     layout_loops_cross, minmay_mirror_moons_of_madness
D:14:     layout_roguey, david_vaults_4, ebering_ghost_xom, serial_shops, shop,
          nicolae_shop_back_alley_shop, nicolae_shop_back_alley_shop,
          shop_fountains, glass_columns_b, nicolae_vehumet_radiance,
          uniq_roxanne
Temple:   hellmonk_temple_micro_hex
Lair:1:   layout_loops_ring, disabler_island, serial_bayou_shore_a, uniq_fannar
Lair:2:   layout_layer_cave, dummy_snake_entry, grunt_megastairs_2
Lair:3:   layout_cave_pods, shoals_dummy_entry, special_room [special_room_bee]
Lair:4:   layout_roguey, dpeg_slime_entry_corner, lemuel_fruit_fields,
          infiniplex_staircase_pool
Lair:5:   evil_forest, layout_small_grid, serial_bayou_pond_a,
          lemuel_altar_in_water2, serial_bayou_shore_b
Shoals:1: layout_shoals, portal_ice_cave_entry_ice_simulacra,
          lemuel_oklob_altar, uniq_mlioglotl, uniq_donald
Orc:1:    layout_caves, nicolae_orc_stony_grotto
Orc:2:    st_orc_pillars, layout_diamond_mine

Table legend: (Time is in decaauts)
 A = Elapsed time spent in this place.
 B = Non-inter-level travel time spent in this place.
 C = Inter-level travel time spent in this place.
 D = Time resting spent in this place.
 E = Time spent auto-exploring this place.
 F = Levels seen in this place.
 G = Mean time per level.
                   A        B        C        D        E       F      G
               +--------+--------+--------+--------+--------+-----+--------+
         Total |  29826 |  28254 |   1572 |   4555 |  18361 |  23 | 1296.8 |
       Dungeon |  17056 |  16033 |   1023 |   2665 |  10462 |  14 | 1218.3 |
        Temple |     10 |      6 |      4 |      0 |      0 |   1 |   10.0 |
          Lair |   9691 |   9324 |    367 |   1374 |   6524 |   5 | 1938.2 |
        Shoals |    339 |    339 |      0 |      0 |    114 |   1 |  339.0 |
  Orcish Mines |   2728 |   2550 |    178 |    516 |   1260 |   2 | 1364.0 |
               +--------+--------+--------+--------+--------+-----+--------+

Top non-repeatable levels by time:
   Orc:2: 2237 daAuts
  Lair:2: 2016 daAuts
  Lair:3: 1976 daAuts
  Lair:4: 1962 daAuts
    D:13: 1922 daAuts
  Lair:5: 1890 daAuts
  Lair:1: 1845 daAuts
     D:9: 1483 daAuts
     D:4: 1437 daAuts
    D:11: 1395 daAuts
    D:10: 1358 daAuts
     D:6: 1301 daAuts
     D:5: 1285 daAuts
    D:12: 1252 daAuts
    D:14: 1225 daAuts

Table legend:
 A = Kills in this place as a percentage of kills in the entire game.
 B = Kills by you in this place as a percentage of kills by you in the entire game.
 C = Kills by friends in this place as a percentage of kills by friends in the entire game.
 D = Other kills in this place as a percentage of other kills in the entire game.
 E = Experience gained in this place as a percentage of experience gained in the entire game.
 F = Experience gained in this place divided by the number of levels of this place that you have seen.
                   A       B       C       D       E      F
               +-------+-------+-------+-------+-------+----------------------
         Total | 100.0 | 100.0 |   N/A | 100.0 | 100.0 | 4437.6
       Dungeon |  52.1 |  51.9 |   N/A | 100.0 |  34.9 | 2544.6
          Lair |  27.3 |  27.3 |   N/A |   0.0 |  43.7 | 8913.8
        Shoals |   2.8 |   2.8 |   N/A |   0.0 |   8.3 | 8507.0
  Orcish Mines |  17.9 |  18.0 |   N/A |   0.0 |  13.1 | 6682.0
               +-------+-------+-------+-------+-------+----------------------
